 Dungeon Crawl Stone Soup version 0.30-a0-165-g1891117ce2 (webtiles) character file.

Game seed: 6834430892989832217

8699 qw the Cleaver (level 11, -1/69 HPs)
             Began as a Gargoyle Fighter on Sept 28, 2022.
             Was an Elder of Okawaru.
             Slain by a gnoll
             ... wielding a +0 flail
             ... summoned by an orange crystal statue
              (6 damage)
             ... on level 9 of the Dungeon.
             The game lasted 00:03:59 (9526 turns).

qw the Cleaver (Gargoyle Fighter)                   Turns: 9526, Time: 00:03:59

Health: -1/69      AC: 28    Str: 24    XL:     11   Next: 35%
Magic:  0/17       EV:  9    Int: -2 (9) God:    Okawaru [****..]
Gold:   146        SH:  0    Dex: 18    Spells: 10/10 levels left

rFire   . . .      SeeInvis .    Y - +3 war axe (chaos)
rCold   . . .      Faith    .    c - +0 buckler
rNeg    + + .      Spirit   .    s - +0 chain mail
rPois   inf        Reflect  +    v - +0 helmet
rElec   +          Harm     .    f - +2 cloak of Makhleb's Grace {Rampage rPois Dex+3 Stlth+}
rCorr   .          Rampage  +    e - +1 pair of gloves
Will    .....                    o - +2 pair of boots
Stlth   ..........               k - amulet of reflection
HPRegen 0.21/turn                i - +6 ring of dexterity
MPRegen 0.15/turn                n - ring of positive energy

@: confused, weakened, slowed, lost intelligence, unable to read, very slow
A: sickness immunity, AC +8, negative energy resistance 1, electricity
resistance, torment resistance 1, petrification resistance
a: Renounce Religion, Heroism, Finesse


You were on level 9 of the Dungeon.
You worshipped Okawaru.
Okawaru was greatly pleased with you.
You visited 1 branch of the dungeon, and saw 10 of its levels.

You collected 606 gold pieces.
You spent 460 gold pieces at shops.


Innate Abilities, Weirdness & Mutations

You are immune to sickness and miasma.
Your stone body is resilient. (AC +8)
You are immune to poison.
You resist negative energy. (rN+)
You are resistant to electric shocks. (rElec)
You are resistant to unholy torment.
You are immune to petrification.


   Skills:
 - Level 8.8 Fighting
 + Level 10.3 Axes
 - Level 1.2 Throwing
 - Level 7.0 Armour
 - Level 3.5 Dodging
 - Level 5.1 Shields
 + Level 8.2 Invocations


You had 10 spell levels left.
You didn't know any spells.
Your spell library was empty.

Inventory:

Hand Weapons
 x - a +0 morningstar
 Y - a +3 war axe of chaos (weapon)
Missiles
 p - a boomerang (quivered)
Armour
 b - +0 acid dragon scales
 c - a +0 buckler (worn)
 e - a +1 pair of gloves (worn)
 f - the +2 cloak of Makhleb's Grace (worn) {Rampage rPois Dex+3 Stlth+}
   (You acquired it on level 5 of the Dungeon)

   Dex:       It affects your dexterity (+3).
   rPois:     It protects you from poison.
   Rampage:   It bestows one free step when moving towards enemies.
   Stlth:     It makes you more stealthy.
 o - a +2 pair of boots (worn)
 s - a +0 chain mail (worn)
 v - a +0 helmet (worn)
Jewellery
 i - a +6 ring of dexterity (left hand)
 k - an amulet of reflection (around neck)
 n - a ring of positive energy (right hand)
 u - a ring of ice
 y - a ring of protection from cold
Scrolls
 a - 5 scrolls of identify
 m - 4 scrolls of teleportation
 w - 2 scrolls of blinking {unknown}
Potions
 d - 3 potions of might
 g - 2 potions of magic
 h - 2 potions of haste
 j - a potion of attraction
 l - 2 potions of mutation
 r - 2 potions of ambrosia {unknown}
 t - a potion of lignification

Dungeon Overview and Level Annotations

Branches:
Dungeon (10/15)            Temple (0/1) D:6
   Lair: D:8-11         Orc: D:9-12

Altars:
Ashenzari
Cheibriados
Dithmenos
Elyvilon
Fedhas
Gozag
Hepliaklqana
Nemelex Xobeh
Okawaru
Qazlal
Ru
Sif Muna
Trog
Uskayaw
Vehumet
Wu Jian
Xom
Yredelemnul
Zin
The Shining One

Shops:
D:3 ??(*   D:10 *

Annotations:
D:4 4 runed translucent doors, Crazy Yiuf; qw's ghost, novice GrFi


Message History

The gnoll sergeant hits you but does no damage.
The gnoll closely misses you. The gnoll barely misses you. x2
You barely miss the gnoll bouda.
The gnoll bouda is heavily wounded.
You slash the gnoll!
Space warps around the gnoll.
You completely miss the gnoll.
The gnoll hits you but does no damage. x2; The gnoll bouda closely misses you.
The gnoll barely misses you.
The gnoll sergeant hits you from afar with a +0 spear!
The gnoll hits you but does no damage. x3
The gnoll sergeant hits you but does no damage.
The gnoll barely misses you.
The gnoll bouda hits you but does no damage.
You slash the gnoll!
The gnoll is severely wounded.
You closely miss the gnoll. You closely miss the gnoll bouda.
The orange crystal statue fixes its piercing gaze on you.
You feel dopey. Something feeds on your intellect! The gnoll misses you.
The gnoll barely misses you. The gnoll closely misses you.
The gnoll sergeant hits you but does no damage.
The gnoll hits you from afar with a +0 halberd.
The gnoll bouda gazes fiercely through you!
You feel your attacks grow feeble.
The gnoll bouda hits you with a +4 whip.
The orange crystal statue fixes its piercing gaze on you.
You feel your power leaking away. The gnoll misses you.
You're too confused to move!
The gnoll is no longer moving quickly. x3
The gnoll hits you but does no damage. The gnoll misses you.
The gnoll bouda barks out a call to the hunt!
The gnolls pick up the pace!
The gnoll closely misses you.
The gnoll sergeant hits you but does no damage.
The gnoll barely misses you. x3
The gnoll sergeant hits you from afar with a +0 spear.
The gnoll closely misses you. The gnoll bouda misses you.
The gnoll hits you with a +0 flail.
You die...

#.##.##.# #... # #.##.#
#... ####.##.##.# #...
####.....##.##.####...
#..g.# #..............
##.zg## ####<##.####.#.
##.zgg.## #.##.####.#.
#.!###g[## #......# #
#.)#8#g@g# ####.#.#
#.$###)g.# #.#.##.#.
##.![(...#######........
##......#..[....######.
##.###.#.#####.# #.#
...# #......##.# #..
#### ###.##.##.# #..
#.##..#.# #.. #..[....#
#..


You could see an orange crystal statue, a gnoll sergeant (summoned, swift), a
gnoll bouda (summoned), 2 wights and 6 gnolls.

Vanquished Creatures
  Fannar (D:10)
  2 two-headed ogres
  Maggie (D:7)
  An unseen horror (shapeshifter) (D:7)
  A troll (D:9)
  Sigmund (D:5)
  7 yaks (D:8)
  2 wyverns
  A wraith (D:10)
  3 steam dragons
  A vampire mosquito (D:10)
  2 water moccasins (D:8)
  2 acid dragons
  2 black bears
  3 ogres
  A centaur (D:8)
  A wolf (D:10)
  Blork the orc (D:4)
  2 bullfrogs
  2 kobold brigands
  2 gnoll sergeants
  2 necrophages
  4 scorpions
  15 wights
  11 killer bees (D:9)
  A jelly (D:6)
  4 hounds
  2 orc priests
  2 gnoll boudas
  3 iguanas (D:5)
  8 orc wizards
  21 gnolls
  7 adders
  2 white imps
  An ufetubus (D:6)
  2 worms
  3 dart slugs
  31 orcs
  7 ball pythons
  8 endoplasms
  4 giant cockroaches
  6 goblins
  6 hobgoblins
  8 jackals
  16 kobolds
  3 quokkas
  3 bats
  3 frilled lizards
  5 rats
227 creatures vanquished.

Vanquished Creatures (others)
  A kobold brigand (D:9)
  6 fungi (D:10)
7 creatures vanquished.

Grand Total: 234 creatures vanquished

Notes
Turn   | Place    | Note
-------+----------+-------------------------------------------
     0 | D:1      | qw the Gargoyle Fighter began the quest for the Orb.
     0 | D:1      | Reached XP level 1. HP: 14/14 MP: 1/1
     0 | D:1      | 0 ||| qw: Version: 0.2-a-12-gaebbb33
     0 | D:1      | 0 ||| qw: Game counter: 812
     0 | D:1      | 0 ||| qw: Always use a shield: true
     0 | D:1      | 0 ||| qw: God list: Okawaru
     0 | D:1      | 0 ||| qw: Allow faded altars: false
     0 | D:1      | 0 ||| qw: Do Orc after D:15 true
     0 | D:1      | 0 ||| qw: Do second Lair branch before Depths: true
     0 | D:1      | 0 ||| qw: Lair rune preference: random
     0 | D:1      | 0 ||| qw: Plans: Normal, Zot:1-4, God:TSO, Crypt, Tomb,
                  | Pan, Slime:5, Hells, Abyss, Orb
     0 | D:1      | 0 ||| PLANNING D:1-11
    49 | D:1      | Reached skill level 2 in Axes
   293 | D:1      | HP: 2/14 [kobold/+0 whip (2)]
   301 | D:1      | Reached XP level 2. HP: 3/19 MP: 2/2
   600 | D:1      | 600 ||| Stepping ~*~*~tactically~*~*~ (stealth).
  1052 | D:1      | Reached skill level 3 in Axes
  1129 | D:1      | 1129 ||| UPGRADING to +6 ring of dexterity.
  1130 | D:1      | 1130 ||| READING 2 scrolls labelled WUDEKK WIUNEI.
  1131 | D:1      | 1131 ||| READING scroll labelled DAUCIH ILUGATT.
  1209 | D:2      | Reached XP level 3. HP: 23/23 MP: 3/3
  1310 | D:2      | Found a faded altar of an unknown god.
  1314 | D:2      | Reached skill level 1 in Dodging
  1325 | D:2      | 1325 ||| DROPPING +0 whip.
  1602 | D:2      | Found a hazy altar of Hepliaklqana.
  1770 | D:2      | 1770 ||| Stepping ~*~*~tactically~*~*~ (stealth).
  1872 | D:2      | 1872 ||| Stepping ~*~*~tactically~*~*~ (hiding).
  2492 | D:2      | 2492 ||| UPGRADING to amulet of reflection.
  2497 | D:2      | 2497 ||| READING 2 scrolls labelled XIESUR YNEUCSI.
  2498 | D:2      | 2498 ||| READING 3 scrolls labelled VEIR UDDYH.
  2499 | D:2      | 2499 ||| READING 2 scrolls of enchant weapon.
  2499 | D:2      | 2499 ||| ENCHANTING +1 war axe.
  2500 | D:2      | 2500 ||| READING scroll of enchant weapon.
  2500 | D:2      | 2500 ||| ENCHANTING +2 war axe.
  2501 | D:2      | 2501 ||| READING scroll labelled ATYETIM YLOOT.
  2505 | D:2      | 2505 ||| DRINKING 2 grey potions.
  2506 | D:2      | 2506 ||| READING 2 scrolls of identify.
  2506 | D:2      | 2506 ||| IDENTIFYING smoky white potion
  2507 | D:2      | 2507 ||| DROPPING scroll of fear.
  2561 | D:3      | Found Leth's Magic Scroll Boutique.
  2565 | D:3      | 2565 ||| BUYING scroll of enchant armour (82 gold).
  2565 | D:3      | Bought a scroll of enchant armour for 82 gold pieces
  2565 | D:3      | 2565 ||| BUYING scroll of enchant armour (82 gold).
  2565 | D:3      | Bought a scroll of enchant armour for 82 gold pieces
  2565 | D:3      | 2565 ||| SHOPLISTING scroll of teleportation (33 gold, have
                  | 20).
  2576 | D:3      | 2576 ||| Stepping ~*~*~tactically~*~*~ (stealth).
  2581 | D:3      | 2581 ||| Stepping ~*~*~tactically~*~*~ (hiding).
  2588 | D:3      | Reached XP level 4. HP: 26/28 MP: 4/4
  2592 | D:3      | 2592 ||| Stepping ~*~*~tactically~*~*~ (stealth).
  2598 | D:3      | Reached skill level 4 in Axes
  2603 | D:3      | 2603 ||| Stepping ~*~*~tactically~*~*~ (hiding).
  2613 | D:3      | Reached XP level 5. HP: 32/32 MP: 5/5
  2660 | D:3      | Found Hoolohimp's Antique Weapon Boutique.
  2666 | D:3      | Found a hide-covered altar of Uskayaw.
  2678 | D:3      | 2678 ||| Stepping ~*~*~tactically~*~*~ (hiding).
  2701 | D:3      | 2701 ||| DRINKING potion of curing.
  2701 | D:3      | 2701 ||| (to cure confusion)
  2790 | D:3      | Found Byghuypp's General Store.
  2823 | D:3      | 2823 ||| SHOPLISTING +0 flail of draining (99 gold, have
                  | 34).
  2823 | D:3      | 2823 ||| SHOPLISTING +1 chain mail of cold resistance (198
                  | gold, have 34).
  2823 | D:3      | 2823 ||| SHOPLISTING +2 helmet "Esaqepol" {Dex+4} (358
                  | gold, have 34).
  2823 | D:3      | 2823 ||| SHOPLISTING potion of curing (36 gold, have 34).
  2823 | D:3      | 2823 ||| SHOPLISTING potion of mutation (96 gold, have 34).
  2823 | D:3      | 2823 ||| BUYING scroll of identify (24 gold).
  2823 | D:3      | Bought a scroll of identify for 24 gold pieces
  2888 | D:3      | Found an ornate altar of the Wu Jian Council.
  2968 | D:3      | Found Qele's Magic Scroll Shoppe.
  2992 | D:3      | Reached skill level 5 in Axes
  3006 | D:3      | 3006 ||| DROPPING +0 flail.
  3010 | D:3      | 3010 ||| SHOPLISTING scroll of brand weapon (133 gold, have
                  | 51).
  3010 | D:3      | 3010 ||| SHOPLISTING scroll of enchant weapon (105 gold,
                  | have 51).
  3010 | D:3      | 3010 ||| BUYING scroll of teleportation (42 gold).
  3010 | D:3      | Bought a scroll of teleportation for 42 gold pieces
  3010 | D:3      | 3010 ||| SHOPLISTING scroll of teleportation (42 gold, have
                  | 9).
  3135 | D:3      | Found an iron altar of Okawaru.
  3136 | D:3      | 3136 ||| PLANNING OKAWARU WORSHIP
  3136 | D:3      | 3136 ||| READING scroll labelled WUGUIJ HETZ.
  3136 | D:3      | Identified a scroll of acquirement
  3136 | D:3      | 3136 ||| ACQUIRING ring of positive energy
  3136 | D:3      | Acquired a ring of positive energy
  3138 | D:3      | 3138 ||| UPGRADING to ring of positive energy.
  3139 | D:3      | 3139 ||| READING scroll labelled ANECSAGENU.
  3140 | D:3      | 3140 ||| READING 3 scrolls of identify.
  3140 | D:3      | 3140 ||| IDENTIFYING orange potion
  3141 | D:3      | 3141 ||| READING 2 scrolls of identify.
  3141 | D:3      | 3141 ||| IDENTIFYING fuming dark potion
  3142 | D:3      | 3142 ||| DROPPING potion of flight.
  3143 | D:3      | 3143 ||| DROPPING potion of degeneration.
  3151 | D:3      | Became a worshipper of Warmaster Okawaru
  3152 | D:3      | 3152 ||| PLANNING D:1-11
  3196 | D:4      | 3196 ||| DRINKING potion of curing.
  3196 | D:4      | 3196 ||| (to cure confusion)
  3199 | D:4      | Reached XP level 6. HP: 33/38 MP: 6/6
  3328 | D:4      | Found a runed translucent door.
  3329 | D:4      | Noticed Crazy Yiuf
  3426 | D:4      | 3426 ||| Stepping ~*~*~tactically~*~*~ (stealth).
  3454 | D:4      | 3454 ||| Stepping ~*~*~tactically~*~*~ (stealth).
  3456 | D:4      | 3456 ||| Stepping ~*~*~tactically~*~*~ (stealth).
  3517 | D:4      | Found a runed translucent gate.
  3517 | D:4      | Found a runed translucent gate.
  3518 | D:4      | Found a runed translucent gate.
  3519 | D:4      | Found an opulent altar of Gozag.
  3522 | D:4      | Noticed qw's ghost (novice GrFi)
  3572 | D:4      | 3572 ||| Stepping ~*~*~tactically~*~*~ (stealth).
  3595 | D:4      | Found a hazy altar of Hepliaklqana.
  3755 | D:4      | Found a shimmering altar of Xom.
  3759 | D:4      | Noticed Blork the orc
  3761 | D:4      | Found a shimmering altar of Xom.
  3761 | D:4      | Found a shimmering altar of Xom.
  3764 | D:4      | Killed Blork the orc
  3771 | D:4      | Found a shimmering altar of Xom.
  3922 | D:4      | 3922 ||| DRINKING 2 puce potions.
  3923 | D:4      | 3923 ||| READING 3 scrolls of identify.
  3923 | D:4      | 3923 ||| IDENTIFYING fizzy emerald potion
  3924 | D:4      | 3924 ||| READING 2 scrolls of identify.
  3924 | D:4      | 3924 ||| IDENTIFYING bubbling pink potion
  3925 | D:4      | 3925 ||| DROPPING potion of brilliance.
  3931 | D:5      | Entered Level 5 of the Dungeon
  3940 | D:5      | Found a shadowy altar of Dithmenos.
  3940 | D:5      | Found a glowing golden altar of the Shining One.
  3941 | D:5      | Found a glowing silver altar of Zin.
  3944 | D:5      | 3944 ||| READING 4 scrolls of teleportation.
  3964 | D:5      | Reached skill level 6 in Axes
  3964 | D:5      | Reached XP level 7. HP: 40/43 MP: 7/7
  4128 | D:5      | 4128 ||| Stepping ~*~*~tactically~*~*~ (hiding).
  4327 | D:5      | Reached * piety under Okawaru
  4328 | D:5      | Reached skill level 7 in Axes
  4328 | D:5      | 4328 ||| INVOKING Heroism.
  4339 | D:5      | Reached skill level 1 in Invocations
  4341 | D:5      | 4341 ||| INVOKING Heroism.
  4346 | D:5      | Reached XP level 8. HP: 13/48 MP: 4/9
  4352 | D:5      | HP: 11/48 [gnoll/+0 whip[a gnoll sergeant] (3)]
  4353 | D:5      | 4353 ||| READING 3 scrolls of teleportation.
  4354 | D:5      | 4354 ||| DRINKING potion of heal wounds.
  4355 | D:5      | 4355 ||| INVOKING Heroism.
  4490 | D:5      | Noticed Sigmund
  4491 | D:5      | 4491 ||| INVOKING Heroism.
  4504 | D:5      | Killed Sigmund
  4505 | D:5      | Reached skill level 3 in Invocations
  4557 | D:5      | 4557 ||| FLEEEEING.
  4558 | D:5      | 4558 ||| FLEEEEING.
  4559 | D:5      | 4559 ||| FLEEEEING.
  4560 | D:5      | 4560 ||| FLEEEEING.
  4561 | D:5      | 4561 ||| FLEEEEING.
  4562 | D:5      | 4562 ||| FLEEEEING.
  4563 | D:5      | 4563 ||| STAIRDANCE
  4766 | D:4      | 4766 ||| UPGRADING to +0 pair of boots.
  4771 | D:4      | 4771 ||| READING 2 scrolls of enchant armour.
  4771 | D:4      | 4771 ||| ENCHANTING +0 pair of boots.
  4772 | D:4      | 4772 ||| READING scroll of enchant armour.
  4772 | D:4      | 4772 ||| ENCHANTING +1 pair of boots.
  4773 | D:4      | 4773 ||| READING scroll labelled UWONGU FUSHRE.
  4774 | D:4      | 4774 ||| READING scroll labelled QUFALI ZYRGH.
  4775 | D:4      | 4775 ||| READING 2 scrolls of identify.
  4775 | D:4      | 4775 ||| IDENTIFYING dark potion
  4800 | D:5      | Found a white marble altar of Elyvilon.
  4853 | D:5      | 4853 ||| READING scroll of acquirement.
  4853 | D:5      | 4853 ||| ACQUIRING +2 cloak of Makhleb's Grace {Rampage
                  | rPois Dex+3 Stlth+}
  4853 | D:5      | Acquired the +2 cloak of Makhleb's Grace {Rampage rPois
                  | Dex+3 Stlth+}
  4855 | D:5      | 4855 ||| UPGRADING to +0 pair of gloves.
  4860 | D:5      | 4860 ||| UPGRADING to +2 cloak of Makhleb's Grace {Rampage
                  | rPois Dex+3 Stlth+}.
  4891 | D:5      | Found a basalt altar of Yredelemnul.
  4893 | D:5      | Found a broken altar of Ashenzari.
  4928 | D:5      | Found an opulent altar of Gozag.
  4930 | D:5      | Found a snail-covered altar of Cheibriados.
  4933 | D:5      | Found a stormy altar of Qazlal.
  5128 | D:5      | 5128 ||| READING 2 scrolls of identify.
  5128 | D:5      | 5128 ||| IDENTIFYING glowing clear potion
  5154 | D:6      | 5154 ||| Stepping ~*~*~tactically~*~*~ (hiding).
  5183 | D:6      | Found a sparkling altar of Nemelex Xobeh.
  5236 | D:6      | 5236 ||| Stepping ~*~*~tactically~*~*~ (stealth).
  5238 | D:6      | 5238 ||| Stepping ~*~*~tactically~*~*~ (hiding).
  5243 | D:6      | Reached skill level 1 in Throwing
  5365 | D:6      | 5365 ||| Stepping ~*~*~tactically~*~*~ (stealth).
  5376 | D:6      | 5376 ||| Stepping ~*~*~tactically~*~*~ (stealth).
  5378 | D:6      | 5378 ||| Stepping ~*~*~tactically~*~*~ (stealth).
  5379 | D:6      | 5379 ||| Stepping ~*~*~tactically~*~*~ (stealth).
  5383 | D:6      | 5383 ||| DRINKING potion of curing.
  5383 | D:6      | 5383 ||| (to cure confusion)
  5421 | D:6      | 5421 ||| Stepping ~*~*~tactically~*~*~ (stealth).
  5423 | D:6      | 5423 ||| Stepping ~*~*~tactically~*~*~ (stealth).
  5426 | D:6      | 5426 ||| Stepping ~*~*~tactically~*~*~ (stealth).
  5428 | D:6      | 5428 ||| Stepping ~*~*~tactically~*~*~ (hiding).
  5439 | D:6      | 5439 ||| INVOKING Heroism.
  5486 | D:6      | 5486 ||| INVOKING Heroism.
  5489 | D:6      | 5489 ||| Stepping ~*~*~tactically~*~*~ (cloud).
  5490 | D:6      | 5490 ||| Stepping ~*~*~tactically~*~*~ (cloud).
  5491 | D:6      | 5491 ||| Stepping ~*~*~tactically~*~*~ (cloud).
  5495 | D:6      | Reached skill level 8 in Axes
  5657 | D:6      | Found a shimmering blue altar of Sif Muna.
  5691 | D:6      | Found a radiant altar of Vehumet.
  5692 | D:6      | 5692 ||| INVOKING Heroism.
  5697 | D:6      | Reached ** piety under Okawaru
  5698 | D:6      | Reached XP level 9. HP: 54/55 MP: 9/12
  5785 | D:6      | Found a staircase to the Ecumenical Temple.
  5804 | D:6      | 5804 ||| UPGRADING to +0 chain mail.
  5814 | D:6      | 5814 ||| DROPPING +0 scale mail.
  5815 | D:6      | 5815 ||| UPGRADING to +0 helmet.
  5820 | D:6      | 5820 ||| READING scroll labelled XUMUAZ LILAD.
  5821 | D:6      | 5821 ||| READING scroll labelled GECOAXZA SAEQ.
  5945 | D:7      | 5945 ||| Stepping ~*~*~tactically~*~*~ (stealth).
  5947 | D:7      | 5947 ||| Stepping ~*~*~tactically~*~*~ (hiding).
  5958 | D:7      | 5958 ||| INVOKING Heroism.
  6050 | D:7      | Noticed Maggie
  6051 | D:7      | 6051 ||| Stepping ~*~*~tactically~*~*~ (hiding).
  6065 | D:7      | 6065 ||| INVOKING Heroism.
  6067 | D:7      | Killed Maggie
  6068 | D:7      | Reached skill level 6 in Fighting
  6237 | D:7      | 6237 ||| INVOKING Heroism.
  6352 | D:7      | Found a bloodstained altar of Trog.
  6407 | D:7      | Killed an unseen horror
  6463 | D:7      | 6463 ||| INVOKING Heroism.
  6470 | D:7      | 6470 ||| Stepping ~*~*~tactically~*~*~ (stealth).
  6472 | D:7      | Reached skill level 9 in Axes
  6748 | D:7      | 6748 ||| READING scroll labelled TIKHLE LEENEAMN.
  6749 | D:7      | 6749 ||| READING scroll labelled DICITO REISCH.
  6750 | D:7      | 6750 ||| READING 2 scrolls of identify.
  6750 | D:7      | 6750 ||| IDENTIFYING ruby potion
  6782 | D:8      | Reached *** piety under Okawaru
  6790 | D:8      | Found a sacrificial altar of Ru.
  6796 | D:8      | 6796 ||| Stepping ~*~*~tactically~*~*~ (stealth).
  6818 | D:8      | 6818 ||| FLEEEEING.
  6820 | D:8      | 6820 ||| FLEEEEING.
  6822 | D:8      | 6822 ||| FLEEEEING.
  6823 | D:8      | 6823 ||| FLEEEEING.
  6824 | D:8      | 6824 ||| FLEEEEING.
  6825 | D:8      | 6825 ||| FLEEEEING.
  6826 | D:8      | 6826 ||| FLEEEEING.
  6827 | D:8      | 6827 ||| STAIRDANCE
  6875 | D:8      | 6875 ||| STAIRDANCE
  6927 | D:8      | 6927 ||| STAIRDANCE
  6967 | D:8      | 6967 ||| Stepping ~*~*~tactically~*~*~ (hiding).
  6978 | D:8      | Reached skill level 6 in Armour
  7011 | D:8      | 7011 ||| Stepping ~*~*~tactically~*~*~ (stealth).
  7024 | D:8      | Reached XP level 10. HP: 63/63 MP: 13/13
  7044 | D:8      | 7044 ||| Stepping ~*~*~tactically~*~*~ (stealth).
  7046 | D:8      | 7046 ||| Stepping ~*~*~tactically~*~*~ (hiding).
  7056 | D:8      | 7056 ||| INVOKING Heroism.
  7081 | D:8      | 7081 ||| Stepping ~*~*~tactically~*~*~ (stealth).
  7088 | D:8      | 7088 ||| INVOKING Heroism.
  7120 | D:8      | 7120 ||| Stepping ~*~*~tactically~*~*~ (stealth).
  7128 | D:8      | 7128 ||| INVOKING Heroism.
  7281 | D:8      | 7281 ||| Stepping ~*~*~tactically~*~*~ (hiding).
  7285 | D:8      | Reached skill level 10 in Axes
  7385 | D:8      | 7385 ||| READING scroll of enchant armour.
  7385 | D:8      | 7385 ||| ENCHANTING +0 pair of gloves.
  7396 | D:8      | 7396 ||| Stepping ~*~*~tactically~*~*~ (hiding).
  7502 | D:8      | You fall into a shaft and drop 2 floors!
  7502 | D:10     | Entered Level 10 of the Dungeon
  7504 | D:10     | Found Leen's Assorted Antiques.
  7516 | D:10     | 7516 ||| BUYING glowing ring mail (161 gold).
  7516 | D:10     | Bought a glowing ring mail for 161 gold pieces
  7516 | D:10     | 7516 ||| SHOPLISTING runed buckler (172 gold, have 139).
  7516 | D:10     | 7516 ||| BUYING scroll labelled CIAMUETHR LUSAK (23 gold).
  7516 | D:10     | Bought a scroll labelled CIAMUETHR LUSAK for 23 gold pieces
  7516 | D:10     | 7516 ||| BUYING scroll of identify (46 gold).
  7516 | D:10     | Bought a scroll of identify for 46 gold pieces
  7564 | D:10     | Noticed a two-headed ogre
  7565 | D:10     | 7565 ||| INVOKING Heroism.
  7573 | D:10     | 7573 ||| Stepping ~*~*~tactically~*~*~ (hiding).
  7574 | D:10     | 7574 ||| Stepping ~*~*~tactically~*~*~ (hiding).
  7576 | D:10     | Killed a two-headed ogre
  7576 | D:10     | Reached **** piety under Okawaru
  7586 | D:10     | 7586 ||| INVOKING Heroism.
  7592 | D:10     | HP: 3/65 [something (31)]
  7593 | D:10     | 7593 ||| READING 4 scrolls of teleportation.
  7594 | D:10     | 7594 ||| DRINKING potion of heal wounds.
  7778 | D:10     | 7778 ||| Stepping ~*~*~tactically~*~*~ (hiding).
  7778 | D:10     | Noticed Fannar
  7780 | D:10     | 7780 ||| INVOKING Heroism.
  7796 | D:10     | Killed Fannar
  7797 | D:10     | Reached skill level 3 in Dodging
  8044 | D:10     | 8044 ||| Stepping ~*~*~tactically~*~*~ (hiding).
  8052 | D:10     | 8052 ||| INVOKING Heroism.
  8162 | D:10     | 8162 ||| DROPPING +4 ring mail.
  8163 | D:10     | 8163 ||| READING 2 scrolls labelled CIAMUETHR LUSAK.
  8164 | D:10     | 8164 ||| DROPPING scroll of summoning.
  8167 | D:10     | 8167 ||| Stepping ~*~*~tactically~*~*~ (stealth).
  8169 | D:10     | 8169 ||| Stepping ~*~*~tactically~*~*~ (stealth).
  8198 | D:9      | 8198 ||| Stepping ~*~*~tactically~*~*~ (hiding).
  8201 | D:9      | 8201 ||| INVOKING Heroism.
  8202 | D:9      | 8202 ||| Stepping ~*~*~tactically~*~*~ (cloud).
  8207 | D:9      | Reached skill level 6 in Invocations
  8211 | D:9      | Reached ***** piety under Okawaru
  8406 | D:8      | 8406 ||| Stepping ~*~*~tactically~*~*~ (stealth).
  8408 | D:8      | 8408 ||| Stepping ~*~*~tactically~*~*~ (stealth).
  8413 | D:8      | 8413 ||| INVOKING Heroism.
  8422 | D:8      | Reached XP level 11. HP: 60/69 MP: 13/16
  8707 | D:8      | Noticed a two-headed ogre
  8708 | D:8      | 8708 ||| INVOKING Heroism.
  8718 | D:8      | Killed a two-headed ogre
  8718 | D:8      | Identified the +2 battleaxe of No Interval {speed, rN+
                  | Int+5} (Okawaru gifted it to you on level 8 of the Dungeon)
  8718 | D:8      | Received a gift from Okawaru
  8781 | D:9      | Found a blossoming altar of Fedhas.
  8824 | D:9      | 8824 ||| Stepping ~*~*~tactically~*~*~ (stealth).
  8931 | D:9      | 8931 ||| Stepping ~*~*~tactically~*~*~ (stealth).
  8937 | D:9      | 8937 ||| Stepping ~*~*~tactically~*~*~ (stealth).
  8941 | D:9      | 8941 ||| Stepping ~*~*~tactically~*~*~ (stealth).
  8952 | D:9      | 8952 ||| DROPPING +2 flail of protection.
  9002 | D:9      | 9002 ||| INVOKING Heroism.
  9061 | D:9      | 9061 ||| INVOKING Heroism.
  9091 | D:9      | 9091 ||| Stepping ~*~*~tactically~*~*~ (hiding).
  9110 | D:9      | 9110 ||| Stepping ~*~*~tactically~*~*~ (stealth).
  9219 | D:9      | Noticed an orange crystal statue
  9220 | D:9      | 9220 ||| INVOKING Heroism.
  9221 | D:9      | 9221 ||| INVOKING Finesse.
  9229 | D:9      | 9229 ||| Stepping ~*~*~tactically~*~*~ (hiding).
  9277 | D:9      | 9277 ||| INVOKING Heroism.
  9278 | D:9      | 9278 ||| INVOKING Finesse.
  9286 | D:9      | 9286 ||| Stepping ~*~*~tactically~*~*~ (stealth).
  9402 | D:9      | 9402 ||| INVOKING Heroism.
  9403 | D:9      | 9403 ||| INVOKING Finesse.
  9455 | D:9      | 9455 ||| INVOKING Finesse.
  9518 | D:9      | Lost intelligence.
  9520 | D:9      | HP: 12/69 [gnoll sergeant/+0 spear[an orange crystal
                  | statue] (6)]
  9521 | D:9      | 9521 ||| DRINKING potion of heal wounds.
  9525 | D:9      | HP: 5/69 [gnoll sergeant/+0 spear[an orange crystal statue]
                  | (3)]
  9526 | D:9      | Slain by a gnoll

Levels and vault maps discovered:
D:1:      amcnicky_arrival_blooded_trapdoor, layout_loops_ring
D:2:      layout_loops_corners, hellmonk_ecumenical_altar_arch_garden,
          basic_altar, minivault_5, amethyst_killhole,
          dreamdust_princess_corridor, minmay_fountain_box,
          minmay_misc_feat_four_crosses
D:3:      layout_rooms, nicolae_wu_jian_immortal_techniques,
          lemuel_crystal_altar, mainiacjoe_overflow_tiny_flanked, serial_shops,
          nicolae_shop_waterfront, nicolae_square_shop, nicolae_shop_trees,
          nicolae_shop_hallway_stairs
D:4:      layout_rooms, lemuel_crystal_altar, xom_redecorated,
          ebering_ghost_gozag, uniq_blork_the_orc, uniq_crazy_yiuf_cottage
D:5:      layout_rooms, nicolae_overflow_hidden_temple,
          nicolae_overflow_quartered_altars, kennysheep_generic_room_11,
          uniq_sigmund
D:6:      layout_gridville, old_standard_altar, mainiacjoe_overflow_alcove_2,
          nicolae_overflow_crystal_walls, minmay_temple_entry_purple_smoke
D:7:      layout_basic, overflow_temple_1_default, uniq_maggie
D:8:      layout_basic, nicolae_ru_awakened_eye
D:9:      layout_loops_cross, fedhas_altar_fruit_tree, minmay_protected_statue
D:10:     cheibrodos_ideogram_h, layout_loops_ring, makhleb_altar_promises_db,
          erik_lair_island, minivault_23, hangedman_decor_points, st_stairs_6,
          fungi_pond_lemuel, nicolae_inconvenience_store, feat_on_display,
          uniq_fannar

Skill      XL: |  1  2  3  4  5  6  7  8  9 10 11 |
---------------+----------------------------------+-----
Axes           | 2 3 4 5 6 7 8 9 10 | 10.3
Dodging        | 1 2 3 |  3.5
Fighting       | 4 5 7 8 |  8.8
Invocations    | 2 4 6 8 |  8.2
Throwing       | 1 |  1.2
Armour         | 6 7 |  7.0
Shields        | 4 5 |  5.1

Action                   |  1- 3 |  4- 6 |  7- 9 | 10-12 || total
-------------------------+-------+-------+-------+-------++-------
Melee: War axe           |   116 |   115 |   225 |   330 ||   786
Throw: Boomerang         |       |     1 |    27 |    24 ||    52
Invok: Heroism           |       |       |    11 |    15 ||    26
       Finesse           |       |       |       |     4 ||     4
  Use: Scroll            |     8 |     7 |    13 |     3 ||    31
       Potion            |     1 |     3 |     2 |     2 ||     8
 Stab: Confused          |       |       |     1 |       ||     1
       Paralysed         |       |       |       |     2 ||     2
Armor: Scale mail        |    50 |    49 |    53 |       ||   152
       Chain mail        |       |       |    63 |   171 ||   234
Dodge: Dodged            |    49 |    48 |    68 |   156 ||   321
Block: Buckler           |    21 |    49 |   103 |   124 ||   297
       Reflection        |       |     6 |     2 |     2 ||    10

Table legend:
 A = Non-vault XP
 B = Vault XP
 C = Vault XP percentage of total XP
 D = Non-vault monster count
 E = Vault monster count
 F = Vault count percentage of total count
                 A         B        C        D         E       F
            +---------+---------+-------+---------+---------+-------
      Total |    9979 |    2449 |  19.7 |     211 |      16 |   7.0
            +---------+---------+-------+---------+---------+-------
        D:1 |      31 |       0 |   0.0 |      18 |       0 |   0.0
        D:2 |      48 |       0 |   0.0 |      19 |       0 |   0.0
        D:3 |     189 |       0 |   0.0 |      28 |       0 |   0.0
        D:4 |     221 |     100 |  31.2 |      26 |       1 |   3.7
        D:5 |     874 |     231 |  20.9 |      17 |       3 |  15.0
        D:6 |     674 |       0 |   0.0 |      23 |       0 |   0.0
        D:7 |    1290 |     379 |  22.7 |      12 |       1 |   7.7
        D:8 |    3921 |       0 |   0.0 |      37 |       0 |   0.0
        D:9 |    1522 |       0 |   0.0 |      28 |       0 |   0.0
       D:10 |    1209 |    1739 |  59.0 |       3 |      11 |  78.6
            +---------+---------+-------+---------+---------+-------
